 Dungeon Crawl Stone Soup version 0.31-a0-626-g8143ab4f1d (webtiles) character file.

Game seed: 9226893489831792616

5476 RepHenryClay the Nimble (level 10, -3/49 (50) HPs)
             Began as a Deep Elf Hedge Wizard on Aug 25, 2023.
             Slain by a wight
             ... wielding a +0 great sword
              (18 damage)
             ... on level 9 of the Dungeon.
             The game lasted 00:18:25 (9600 turns).

RepHenryClay the Nimble (Deep Elf Hedge Wizard)     Turns: 9600, Time: 00:18:25

HP:   -3/49 (50)    AC:  7    Str:  7    XL:     10   Next: 42%
MP:   12/22         EV: 20    Int: 22    God:
Gold: 523           SH:  0    Dex: 16    Spells: 15/23 levels left

rFire   . . .        a - +2 dagger (venom)
rCold   . . .        (no shield)
rNeg    + . .        u - +2 robe {rN+}
rPois   +            c - +0 hat
rElec   .            (no cloak)
rCorr   .            s - +0 pair of gloves
SInv    .            t - +1 pair of boots
Will    ++...        (no amulet)
Stlth   ++           x - ring of willpower
HPRegen 0.28/turn    k - ring of poison resistance
MPRegen 0.18/turn

%: no passive effects
@: lightly drained
A: no striking features
a: no special abilities


You were on level 9 of the Dungeon.
You visited 1 branch of the dungeon, and saw 9 of its levels.

You collected 555 gold pieces.
You spent 32 gold pieces at shops.

Inventory:

Hand Weapons
 a - a +2 dagger of venom (weapon)
 g - the +4 quarterstaff "Zemasiac" {flame, rC+}
   (You took it off a gnoll on level 4 of the Dungeon)

   rC+:       It protects you from cold.
 l - a +0 dagger
Missiles
 j - 2 throwing nets
Armour
 c - a +0 hat (worn)
 s - a +0 pair of gloves (worn)
 t - a +1 pair of boots (worn)
 u - a +2 robe of positive energy (worn)
 D - the +1 leather armour of Resourcefulness {Rampage rPois Int+5 Stlth-}
   (You found it on level 8 of the Dungeon)

   Int+5:     It affects your intelligence (+5).
   rPois:     It protects you from poison Rampage: It bestows one free step when
   moving towards enemies.
   Stlth-:    It makes you less stealthy.
Jewellery
 k - a ring of poison resistance (right hand)
 n - a ring of see invisible
 x - a ring of willpower (left hand)
Wands
 b - a wand of quicksilver (8)
 o - a wand of mindburst (11)
 p - a wand of digging (6)
 w - a wand of flame (16)
Scrolls
 e - a scroll of torment
 f - 4 scrolls of teleportation
 h - 2 scrolls of enchant weapon
 m - 2 scrolls of poison
 r - 2 scrolls of vulnerability
 y - 3 scrolls of amnesia
Potions
 d - 3 potions of magic
 i - a potion of curing
 q - a potion of might
 v - a potion of attraction
 z - 2 potions of resistance
 C - a potion of heal wounds
 E - a potion of degeneration {unknown}


   Skills:
 - Level 5.0 Short Blades
 * Level 14.0 Dodging
 - Level 2.4 Stealth
 - Level 7.0 Spellcasting
 - Level 7.2 Conjurations
 - Level 1.1 Summonings
 - Level 1.1 Translocations
 - Level 3.0 Air Magic
 - Level 3.0 Poison Magic


You had 15 spell levels left.
You knew the following spells:

 Your Spells              Type           Power      Damage    Failure   Level
a - Magic Dart            Conj           100%       1d8       1%          1
c - Mephitic Cloud        Conj/Pois/Air  27%        N/A       4%          3
d - Cigotuvi's Dreadful   Necr/Pois/Air  32%        N/A       5%          2
Q - Blink                 Tloc           24%        N/A       8%          2

Your spell library contained the following spells:

 Spells                   Type           Power      Damage    Failure   Level
 Call Imp                 Summ           24%        N/A       8%          2
 Slow                     Hex            28%        N/A       9%          1


Dungeon Overview and Level Annotations

Branches:
Dungeon (9/15)
 Temple: D:4-7         Lair: D:8-11         Orc: D:9-12

Altars:
Kikubaaqudgha
Sif Muna
Trog
Uskayaw
Lugonu

Shops:
D:8 *

Annotations:
D:4 Grinder
D:9 1 transporter


Message History

The stinking cloud engulfs the wight but does no damage.
The stinking cloud engulfs the orc warrior but does no damage.
The orc warrior is moderately wounded.
The stinking cloud engulfs the troll but does no damage.
The orc warrior is engulfed in noxious fumes.
The orc warrior completely misses you. The wight barely misses you.
The troll is engulfed in noxious fumes.
The troll appears confused.
The troll closely misses you. The troll barely misses you.
The troll closely misses you.
You catch the helpless troll completely off-guard!
You puncture the troll!
The troll looks as sick as possible!
The troll is moderately wounded.
The wight barely misses you.
The orc warrior is engulfed in noxious fumes.
The orc warrior appears confused.
The orc warrior hits the centaur with a +0 glaive.
The centaur barely misses the troll.
The centaur kicks the troll but does no damage.
The centaur hits itself.
The centaur kicks itself but does no damage.
You barely miss the centaur.
The centaur is almost dead.
The troll is engulfed in noxious fumes.
The troll appears confused.
The troll closely misses you. The troll claws you but does no damage.
The troll closely misses you. The wight hits you with a +5 hand axe.
You partially resist.
You feel drained. The wight completely misses you. The wight misses you.
The orc warrior is engulfed in noxious fumes.
The orc warrior appears confused.
The orc warrior barely misses you.
Damage: -4%(-2hp) hp: 82%(40hp) Unknown command.
You hit the centaur but do no damage.
The centaur looks even sicker.
The centaur is almost dead.
The centaur hits the troll but does no damage.
The centaur kicks the troll but does no damage.
The troll is engulfed in noxious fumes.
The troll bites you! The troll barely misses you. The troll claws you!
* * * LOW HITPOINT WARNING * * *
The wight hits you with a +0 great sword!!
You die...

..#.......)....#
..#......).....#
..#............##########
..#......................
..#......................
..#######'#######........
####...##...##...
.?##..##o°.# .
###.=#...c@..#
##..#!#...zTz.#
.###..u###..z....#
.....u###..z.....#.
....x##....D.....'..
©._..#©..).......#...
.....##...########...
......###... .. .###..x
##....


You could see a troll (confused, extremely poisoned), a steam dragon (confused,
poisoned), an orc warrior (confused), a centaur (confused, very poisoned) and 4
wights.

Vanquished Creatures
  Erica (D:8)
  Joseph (D:7)
  Maggie (D:8)
  A wyvern (D:8)
  6 yaks
  A steam dragon (D:7)
  3 water moccasins
  An orc warrior (D:7)
  5 ice beasts
  2 ogres (D:4)
  2 sky beasts (D:7)
  3 centaurs
  A phantom (D:5)
  2 kobold brigands
  A gnoll sergeant (D:6)
  2 scorpions
  2 bullfrogs
  4 killer bees (D:9)
  A jelly (D:5)
  2 electric eels (D:7)
  3 howler monkeys (D:7)
  2 gnoll boudas
  2 hounds
  An orc priest (D:5)
  3 sleepcaps
  Terence (D:3)
  3 iguanas
  3 orc wizards
  16 gnolls
  12 adders
  2 white imps
  3 worms
  3 dart slugs
  24 orcs
  6 bats
  5 endoplasms
  A giant cockroach (D:4)
  5 goblins
  4 hobgoblins
  5 jackals (D:2)
  2 quokkas
  6 ball pythons
  4 frilled lizards
  8 kobolds
  A rat (D:2)
167 creatures vanquished.

Vanquished Creatures (collateral kills)
  A killer bee (D:9)
1 creature vanquished.

Vanquished Creatures (others)
  A wight (D:9)
1 creature vanquished.

Grand Total: 169 creatures vanquished

Notes
Turn   | Place    | Note
-------+----------+-------------------------------------------
     0 | D:1      | RepHenryClay the Deep Elf Hedge Wizard began the quest for
                  | the Orb.
     0 | D:1      | Reached XP level 1. HP: 10/10 MP: 7/7
   627 | D:2      | Reached XP level 2. HP: 12/15 MP: 0/9
   759 | D:2      | Reached XP level 3. HP: 19/19 MP: 5/10
  1532 | D:2      | Learned a level 2 spell: Blink
  1536 | D:2      | Learned a level 3 spell: Mephitic Cloud
  1539 | D:2      | Learned a level 2 spell: Cigotuvi's Dreadful Rot
  1636 | D:2      | Reached XP level 4. HP: 19/24 MP: 6/12
  2111 | D:3      | Found a faded altar of an unknown god.
  2257 | D:3      | Noticed an ice beast
  2285 | D:3      | Killed an ice beast
  2286 | D:3      | Reached skill level 5 in Conjurations
  2286 | D:3      | Reached XP level 5. HP: 25/28 MP: 2/13
  2430 | D:3      | Noticed Terence
  2443 | D:3      | Killed Terence
  2908 | D:4      | Noticed an ogre
  2926 | D:4      | Killed an ogre
  2927 | D:4      | Reached XP level 6. HP: 32/32 MP: 4/14
  2976 | D:4      | Identified the +4 quarterstaff "Zemasiac" {flame, rC+}
  2998 | D:4      | Found a shimmering blue altar of Sif Muna.
  3000 | D:4      | Reached skill level 1 in Air Magic
  3000 | D:4      | Reached skill level 1 in Poison Magic
  3280 | D:4      | Reached XP level 7. HP: 36/36 MP: 7/15
  3784 | D:4      | Noticed Grinder
  3990 | D:5      | Entered Level 5 of the Dungeon
  4457 | D:5      | Reached skill level 3 in Dodging
  4567 | D:5      | Reached skill level 5 in Spellcasting
  4588 | D:4      | Reached skill level 4 in Dodging
  4836 | D:5      | Reached skill level 5 in Dodging
  5207 | D:5      | Reached XP level 8. HP: 32/41 MP: 5/18
  5536 | D:6      | Found an ancient bone altar of Kikubaaqudgha.
  5954 | D:5      | Reached skill level 6 in Dodging
  6348 | D:6      | Reached skill level 7 in Dodging
  6710 | D:6      | Reached skill level 1 in Short Blades
  6850 | D:6      | Reached skill level 8 in Dodging
  7032 | D:7      | Found a hide-covered altar of Uskayaw.
  7033 | D:7      | Found a bloodstained altar of Trog.
  7278 | D:7      | Reached XP level 9. HP: 40/45 MP: 16/21
  7542 | D:7      | Reached skill level 9 in Dodging
  7840 | D:7      | Reached skill level 10 in Dodging
  8077 | D:8      | Identified the +1 leather armour of Resourcefulness
                  | {Rampage rPois Int+5 Stlth-}
  8185 | D:7      | Reached skill level 11 in Dodging
  8252 | D:7      | Reached skill level 5 in Short Blades
  8427 | D:8      | Noticed Maggie
  8499 | D:8      | Killed Maggie
  8500 | D:8      | Reached skill level 12 in Dodging
  8500 | D:8      | Reached XP level 10. HP: 50/50 MP: 18/22
  8556 | D:8      | Noticed Joseph
  8561 | D:8      | Noticed Erica
  8571 | D:7      | Killed Joseph
  9014 | D:8      | Found Ilach's General Store.
  9034 | D:8      | Reached skill level 13 in Dodging
  9040 | D:8      | Killed Erica
  9158 | D:8      | Bought a scroll of identify for 32 gold pieces
  9483 | D:9      | Reached skill level 14 in Dodging
  9571 | D:9      | Found a transporter.
  9574 | D:9      | Noticed a cyan ugly thing
  9574 | D:9      | Noticed a white ugly thing
  9575 | D:9      | Found a corrupted altar of Lugonu.
  9576 | D:9      | Noticed a red ugly thing
  9577 | D:9      | Noticed a purple ugly thing
  9600 | D:9      | Slain by a wight

Illustrated notes

Levels and vault maps discovered:
D:1:      heliophobic_arrival_henge, layout_basic, glass_columns_c
D:2:      layout_loops_ring, moated_statue, corexii_shack, minmay_octomino_j4
D:3:      layout_loops_ring, ebering_ecumenical_altar_hall, uniq_terence
D:4:      layout_basic, mainiacjoe_overflow_swirl, minmay_temple_entry_poolview,
          minmay_misc_feat_pillars, hangedman_abyss_or_decor_stagger,
          uniq_grinder
D:5:      layout_basic
D:6:      layout_cave_pools, overflow_temple_1_default
D:7:      layout_loops_ring, mainiacjoe_overflow_catwalk_spiral, minivault_14,
          nicolae_concentric_dashed_squares_wild
D:8:      layout_cave_pools, serial_shops, shop, uniq_erica, uniq_joseph,
          uniq_maggie
D:9:      gammafunk_corrupted_shrine, layout_gridville, dk_vineyard_3,
          nicolae_alphabet_shops

Skill      XL: |  1  2  3  4  5  6  7  8  9 10 |
---------------+-------------------------------+-----
Conjurations   | 2 3 4 5 7 |  7.2
Air Magic      | 2 3 |  3.0
Poison Magic   | 2 3 |  3.0
Dodging        | 5 8 12 14 | 14.0
Spellcasting   | 5 7 |  7.0
Short Blades   | 2 5 |  5.0
Stealth        | |  2.4
Summonings     | |  1.1
Translocations | |  1.1

Action                     |  1- 3 |  4- 6 |  7- 9 | 10-12 || total
---------------------------+-------+-------+-------+-------++-------
  Melee: Dagger            |     3 |    20 |   178 |    51 ||   252
         Punch             |       |       |     4 |       ||     4
   Cast: Magic Dart        |    77 |    79 |   246 |    42 ||   444
         Cigotuvi's Dreadf |       |     1 |     6 |       ||     7
         Mephitic Cloud    |       |     5 |    30 |    15 ||    50
         Blink             |       |     1 |     7 |       ||     8
  Evoke: Wand              |       |       |    10 |     4 ||    14
    Use: Potion            |       |     2 |     1 |       ||     3
         Scroll            |       |       |    10 |     3 ||    13
   Stab: Confused          |       |     2 |    10 |     6 ||    18
         Sleeping          |       |       |     1 |       ||     1
 Armour: Robe              |     4 |     3 |    35 |     4 ||    46
         Leather armour    |       |       |     5 |     7 ||    12
         Steam dragon scal |       |       |     5 |       ||     5
  Dodge: Dodged            |    18 |    15 |   159 |    91 ||   283

Table legend: (Time is in decaauts)
 A = Elapsed time spent in this place.
 B = Non-inter-level travel time spent in this place.
 C = Inter-level travel time spent in this place.
 D = Time resting spent in this place.
 E = Time spent auto-exploring this place.
 F = Levels seen in this place.
 G = Mean time per level.
                   A        B        C        D        E       F      G
               +--------+--------+--------+--------+--------+-----+--------+
         Total |   9576 |   9165 |    411 |   1220 |   6387 |   9 | 1064.0 |
       Dungeon |   9576 |   9165 |    411 |   1220 |   6387 |   9 | 1064.0 |
               +--------+--------+--------+--------+--------+-----+--------+

Top non-repeatable levels by time:
     D:5: 2090 daAuts
     D:7: 1553 daAuts
     D:2: 1310 daAuts
     D:4: 1237 daAuts
     D:3: 943 daAuts
     D:8: 840 daAuts
     D:6: 779 daAuts
     D:1: 618 daAuts
     D:9: 203 daAuts
